 Dungeon Crawl Stone Soup version 0.14-a0-2124-ga163777 (webtiles) character file.

437 Jenx the Cudgeler (level 7, -1/45 HPs)
             Began as a Formicid Skald on Jan 27, 2014.
             Slain by an orc
             ... wielding a +2,+0 orcish hand axe
              (3 damage)
             ... on Level 3 of the Dungeon on Jan 28, 2014.
             The game lasted 00:08:03 (2923 turns).

Jenx the Cudgeler (Formicid Skald)                  Turns: 2923, Time: 00:08:03

HP  -1/45        AC  6     Str 17      XL: 7   Next: 13%
MP   0/12        EV 10     Int 13      God:
Gold 94          SH  0     Dex 10      Spells:  4 memorised,  1 level left

rFire  . . .     SeeInvis +     a - +0 mace
rCold  . . .     Clarity  .     C - +0 orc ring mail
rNeg   . . .     Conserve .     (no shield)
rPois  x         rCorr    .     (helmet unavailable)
rElec  .         rRot     .     (no cloak)
SustAb . .       Spirit   .     (no gloves)
rMut   .         Warding  .     (no boots)
Saprov . . .     Stasis   +     e - amulet of stasis {unknown}
MR     .....                    (no ring)
                                (no ring)

@: regenerating, mildly poisoned, very slightly contaminated, not resistant to
hostile enchantments, extremely unstealthy
A: permanent stasis, dig shafts and tunnels, four strong arms, poison weakness,
antennae 3, exoskeleton 1
a: Dig, Shaft Self


You were on level 3 of the Dungeon.
You were hungry.

You visited 1 branch of the dungeon, and saw 3 of its levels.

You collected 94 gold pieces.

Inventory:

Hand weapons
 a - a +0,+0 mace (weapon)
 l - a +1,+2 elven cutlass of venom
Missiles
 x - 10 darts
 B - 20 darts of flame (quivered)
Armour
 b - a +0 leather armour
 C - a +0 orcish ring mail (worn)
Comestibles
 d - 2 bread rations
 i - a choko
 j - 11 grapes
 m - 3 meat rations
Scrolls
 f - 2 scrolls of remove curse {unknown}
 h - 2 scrolls of blinking {unknown}
 k - a scroll of amnesia {unknown}
 o - a scroll of fear {unknown}
 s - a scroll of curse jewellery {unknown}
 t - a scroll of fog {unknown}
 y - a scroll of curse weapon {unknown}
 A - a scroll of teleportation {unknown}
Jewellery
 e - an amulet of stasis (around neck) {unknown}
 z - a +2 ring of evasion {unknown}
Potions
 g - a potion of restore abilities {unknown}
 n - a potion of poison {unknown}
 q - a potion of magic {unknown}
 r - 2 potions of heal wounds {unknown}
 v - a potion of lignification {unknown}
 w - a potion of brilliance {unknown}
Books
 c - a book of Battle

   Spells                             Type                      Level
   *Infusion                          Charms                       1
   *Shroud of Golubria                Charms/Translocation         2
   Song of Slaying                    Charms                       2
   *Spectral Weapon                   Hexes/Charms                 3
   *Regeneration                      Charms/Necromancy            3


   Skills:
 - Level 2.0 Fighting
 - Level 6.4 Maces & Flails
 * Level 1.2 Armour
 - Level 0.8 Dodging
 - Level 2.1 Spellcasting
 - Level 2.0 Hexes
 - Level 3.0 Charms
 - Level 0.2 Necromancy


You had one spell level left.
You knew the following spells:

 Your Spells              Type           Power        Failure   Level  Hunger
a - Infusion              Chrm           #.....       10%         1    ##.....
b - Shroud of Golubria    Chrm/Tloc      #.........   24%         2    ###....
c - Spectral Weapon       Hex/Chrm       #.......     30%         3    ####...
d - Regeneration          Chrm/Necr      #.........   45%         3    ####...


Dungeon Overview and Level Annotations

Branches:
Dungeon (3/16)

Altars:
Trog
The Shining One


Innate Abilities, Weirdness & Mutations

Your are under a permanent stasis effect.
You can dig through walls and to a lower floor.
Your four strong arms can wield any weapon, most with a shield.
You are susceptible to poison.
You have a pair of large antennae on your head (SInv).
Your body is surrounded by an exoskeleton. (AC +1)


Message History

The adder bites you but does no damage.
The orc priest hits you but does no damage.
You closely miss the orc priest.
The orc priest is moderately wounded.
The adder bites you but does no damage. The orc hits you but does no damage.
The orc priest hits you with an orcish dagger.
* * * LOW HITPOINT WARNING * * *
You barely miss the orc priest.
The orc priest is moderately wounded.
The adder bites you but does no damage. The orc priest barely misses you.
The orc closely misses you. The adder bites you.
* * * LOW HITPOINT WARNING * * *
You are poisoned.
The adder poisons you!
Casting: Regeneration
Confirm with . or Enter, or press ? or * to list all spells.
Your skin crawls.
The adder bites you but does no damage. The orc priest closely misses you.
The orc hits you with an orcish hand axe.
You die...

...........# #.# #..
...........#####'## #..
..................# #..
#..................# #..
#..................# #..
###########........# #..
########........# #..
........oooS..)..# ...
.........#@..##'## .##.
.........######)# .
........................
# ......................
# ......?...............
# .......o..............
#
.......######.#'#########
....... #+#..........
.S..oo ...######...


You could see an orc priest, an adder and 2 orcs.

Vanquished Creatures
  Grinder (D:3)
  5 adders
  2 gnolls (D:1)
  A giant gecko (D:1)
  4 orcs (D:3)
  2 ball pythons
  6 bats
  5 hobgoblins
  3 jackals (D:1)
  A quokka (D:2)
  3 giant cockroaches
  3 giant newts
  6 goblins
  7 kobolds
  6 rats
55 creatures vanquished.

Vanquished Creatures (others)
  A spectral weapon (D:3)
1 creature vanquished.

Grand Total: 56 creatures vanquished

Notes
Turn   | Place    | Note
--------------------------------------------------------------
     0 | D:1      | Jenx, the Formicid Skald, began the quest for the Orb.
     0 | D:1      | Reached XP level 1. HP: 14/14 MP: 3/3
    96 | D:1      | Reached XP level 2. HP: 1/19 MP: 4/4
   842 | D:1      | Reached XP level 3. HP: 22/24 MP: 6/6
   853 | D:1      | Learned a level 2 spell: Shroud of Golubria
   857 | D:1      | Learned a level 3 spell: Spectral Weapon
  1030 | D:1      | Reached skill level 1 in Hexes
  1050 | D:1      | Reached XP level 4. HP: 29/29 MP: 7/7
  1529 | D:2      | Reached skill level 4 in Maces & Flails
  1563 | D:2      | Reached XP level 5. HP: 11/34 MP: 9/9
  1885 | D:2      | Found a bloodstained altar of Trog.
  2486 | D:3      | Found a glowing golden altar of the Shining One.
  2507 | D:3      | Noticed Grinder
  2517 | D:3      | Killed Grinder
  2517 | D:3      | Reached skill level 6 in Maces & Flails
  2517 | D:3      | Reached XP level 6. HP: 35/39 MP: 2/10
  2517 | D:3      | Reached XP level 7. HP: 40/45 MP: 2/12
  2522 | D:3      | Learned a level 3 spell: Regeneration
  2922 | D:3      | HP: 1/45 [adder (3)]
  2923 | D:3      | Slain by an orc

Action                   |  1- 3 |  4- 6 |  7- 9 || total
-------------------------+-------+-------+-------++-------
Melee: Mace              |    71 |    78 |    33 ||   182
Throw: Dart              |       |     3 |       ||     3
 Cast: Shroud of Golubri |       |     3 |     1 ||     4
       Spectral Weapon   |       |     1 |     1 ||     2
       Regeneration      |       |       |     2 ||     2
 Abil: Dig               |     1 |       |       ||     1
  Use: Potion            |       |     2 |     1 ||     3
